 Dungeon Crawl Stone Soup version 0.16.1-28-gcc2312f (webtiles) character file.

95 dngmouse the Conjurer (level 4, -1/24 HPs)
             Began as a Tengu Air Elementalist on May 29, 2015.
             Slain by a gnoll
             ... wielding a +0 halberd
              (9 damage)
             ... on level 2 of the Dungeon.
             The game lasted 00:13:51 (2127 turns).

dngmouse the Conjurer (Tengu Air Elementalist)      Turns: 2127, Time: 00:13:51

Health: -1/24      AC:  2    Str:  8    XL:     4   Next: 65%
Magic:  1/8        EV:  6    Int: 17    God:
Gold:   140        SH:  0    Dex: 14    Spells: 2 memorised, 3 levels left

rFire  . . .     SeeInvis +     p - -1 mace (curse)
rCold  . . .     Clarity  .     a - +0 robe
rNeg   . . .     SustAb   .     (no shield)
rPois  .         Gourm    .     (helmet restricted)
rElec  .         Spirit   .     (no cloak)
rCorr  .         Warding  .     (no gloves)
rMut   .         Stasis   .     (boots unavailable)
MR     .....                    (no amulet)
Stlth  ++........               (no ring)
                                o - ring of see invisible

@: very slightly contaminated, held, not resistant to hostile enchantments,
unstealthy
A: beak, talons 3
a: no special abilities


You were on level 2 of the Dungeon.
You were hungry.

You visited 1 branch of the dungeon, and saw 2 of its levels.

You collected 140 gold pieces.

Inventory:

Hand weapons
 p - a cursed -1 mace (weapon)
 q - a +3 dagger
Missiles
 d - a throwing net (quivered)
Armour
 a - a +0 robe (worn)
Jewellery
 o - a ring of see invisible (left hand)
Scrolls
 f - 2 scrolls of amnesia {unknown}
 g - 2 scrolls of identify {unknown}
 h - a scroll of noise {unknown}
 i - a scroll of blinking {unknown}
Potions
 e - a potion of heal wounds {unknown}
 l - 2 potions of curing
 m - a potion of haste {unknown}
 n - 2 potions of brilliance {unknown}
Books
 b - a book of Air

   Spells                             Type                      Level
   a - Shock                          Conjuration/Air              1
   b - Swiftness                      Charms/Air                   2
   c - Repel Missiles                 Charms/Air                   2
   d - Flight                         Charms/Air                   3
   e - Static Discharge               Conjuration/Air              3
   f - Lightning Bolt                 Conjuration/Air              5
Comestibles
 c - a bread ration
 j - 2 meat rations
 k - 2 chunks of flesh


   Skills:
 - Level 2.1 Dodging
 - Level 2.0 Stealth
 - Level 2.0 Spellcasting
 + Level 5.7 Conjurations
 - Level 4.0 Air Magic


You had 3 spell levels left.
You knew the following spells:

 Your Spells              Type           Power        Failure   Level  Hunger
a - Shock                 Conj/Air       ###.         2%          1    #......
b - Static Discharge      Conj/Air       ###.....     10%         3    ###....


Dungeon Overview and Level Annotations

Branches:
Dungeon (2/15)

Altars:
Xom


Innate Abilities, Weirdness & Mutations

You have a beak for a mouth.
You have claws for feet.


Message History

Casting: Shock
Confirm with . or Enter, or press ? or * to list all spells.
Aiming: Shock
Press: ? - help, Shift-Dir - straight line, f/p - gnoll
Aim: a gnoll, wielding a halberd (almost dead)
The zap hits the gnoll.
The gnoll is heavily wounded.
The zap hits the gnoll.
The gnoll appears unharmed.
The gnoll is almost dead.
The zap hits the gnoll.
You kill the gnoll!
The zap hits the gnoll.
The gnoll is severely wounded.
You are feeling hungry.
The gnoll hits you from afar with a halberd!
Ouch! That really hurt!
You can't do that while held in a net.
You struggle to escape the net.
The gnoll hits you from afar with a halberd!
You die...

############.............##
........##............###..#
#.......##.##.........# ##.##
#..........##.###.##### ##...
#.........###.###.##.####....
#........####.#.#.#...##.....
#..........##...#.#..........
#.............#.#.#...#......
##......###.@...#.##.........
#......# #.....#.#####......
######## #.g...#.##.........
#####.)........###.....
#.....g.###.#.#####....
#...##..#.##....#...#.... .
#.##.............##.
#.###............###
#[###...........<# #


You could see 2 gnolls.

Vanquished Creatures
  Terence (D:1)
  2 adders (D:2)
  2 gnolls (D:2)
  A giant mite (D:1)
  A giant gecko (D:1)
  An ooze (D:1)
  4 giant cockroaches
  7 goblins
  3 hobgoblins
  A ball python (D:2)
  3 bats (D:1)
  3 giant newts
  5 kobolds (D:1)
  6 rats
40 creatures vanquished.

Notes
Turn   | Place    | Note
--------------------------------------------------------------
     0 | D:1      | dngmouse, the Tengu Air Elementalist, began the quest for the Orb.
     0 | D:1      | Reached XP level 1. HP: 10/10 MP: 3/3
   512 | D:1      | Reached XP level 2. HP: 12/15 MP: 3/5
   594 | D:1      | Found a shimmering altar of Xom.
   741 | D:1      | Reached XP level 3. HP: 19/19 MP: 4/7
   747 | D:1      | Learned a level 3 spell: Static Discharge
  1573 | D:2      | Reached skill level 5 in Conjurations
  1573 | D:2      | Reached XP level 4. HP: 24/24 MP: 2/8
  1703 | D:2      | Noticed Terence
  1716 | D:1      | Killed Terence
  2127 | D:2      | Slain by a gnoll

Action                   |  1- 3 |  4- 6 || total
-------------------------+-------+-------++-------
Melee: Club              |     5 |       ||     5
       Dagger            |    22 |       ||    22
       Hand axe          |     3 |       ||     3
       Mace              |       |     2 ||     2
 Cast: Shock             |    68 |    15 ||    83
       Static Discharge  |       |     2 ||     2
  Use: Scroll            |     4 |       ||     4
       Potion            |     1 |       ||     1
  Eat: Chunk             |     3 |     2 ||     5
